Map: Acid Plant LE

Players

Harstem

  • Race: Protoss Protoss
  • Spawn Location: 11:00

soO - Winner!

  • Race: Zerg Zerg
  • Spawn Location: 5:00

Event: IEM Season 12 - Katowice

VOD

Have the link to the VOD?

Description

Time

  • Played on: Feb. 27, 2018, 9:51 a.m.
  • Length: 14:38

All games in this series

Show
View Real Time Build Order
Export as new Build Order

Harstem Protoss 

Build Orders: 1 Gate Expand, Oracle Opening, Phoenix Opening, Chargelot Immortal, Zealot Archon 

Get SALT Encoding   

  12  0:00  Probe  
  13  0:12  Probe  
  14  0:18  Pylon  
  14  0:25  Probe (Chrono Boost)  
  15  0:37  Probe (Chrono Boost)  
  15  0:38  Gateway  
  16  0:45  Probe (Chrono Boost)  
  16  0:49  Assimilator  
  17  0:51  Probe  
  18  1:03  Probe  
  19  1:15  Probe  
  20  1:25  Nexus  
  20  1:35  Cybernetics Core  
  20  1:38  Probe  
  21  1:47  Assimilator  
  21  1:50  Probe  
  22  1:54  Pylon  
  22  2:02  Probe  
  23  2:10  Probe, Adept (Chrono Boost)  
  26  2:17  Stargate  
  26  2:18  Probe  
  27  2:28  Warp Gate  
  27  2:30  Probe (Chrono Boost)  
  27  2:32  Adept  
  30  2:37  Probe (Chrono Boost)  
  32  2:47  Probe x2 (Chrono Boost)  
  33  2:52  Probe (Chrono Boost)  
  33  2:53  Probe  
  35  3:04  Probe, Phoenix (Chrono Boost)  
  38  3:07  Probe  
  38  3:12  Gateway  
  39  3:16  Probe, Pylon  
  40  3:24  Oracle (Chrono Boost)  
  40  3:25  Probe  
  44  3:30  Probe  
  45  3:37  Probe  
  46  3:41  Adept  
  46  3:42  Probe  
  46  3:43  Pylon  
  49  3:49  Probe  
  49  3:52  Oracle (Chrono Boost)  
  49  3:54  Probe  
  54  4:01  Probe  
  55  4:07  Probe  
  56  4:13  Probe  
  56  4:16  Pylon  
  57  4:19  Probe, Nexus, Assimilator  
  57  4:22  Pylon, Assimilator  
  58  4:26  Probe  
  58  4:31  Pylon  
  59  4:34  Probe  
  59  4:37  Robotics Facility  
  60  4:38  Probe  
  60  4:44  Adept x2  
  65  4:46  Probe  
  65  4:47  Shield Battery  
  65  4:51  Probe  
  67  4:57  Forge  
  67  4:58  Probe  
  68  5:01  Twilight Council  
  68  5:03  Probe  
  68  5:10  Probe  
  69  5:15  Probe  
  67  5:22  Probe (Chrono Boost)  
  67  5:25  Immortal (Chrono Boost)  
  73  5:29  Sentry x2  
  73  5:32  Gateway  
  73  5:33  Probe (Chrono Boost)  
  73  5:34  Probe (Chrono Boost)  
  73  5:35  Protoss Ground Weapons Level 1  
  74  5:42  Probe (Chrono Boost), Gateway  
  77  5:43  Gateway  
  77  5:44  Probe (Chrono Boost)  
  77  5:45  Probe (Chrono Boost)  
  77  5:47  Charge  
  77  5:49  Templar Archives  
  77  5:50  Probe (Chrono Boost)  
  77  5:52  Probe x2  
  80  6:02  Probe  
  82  6:06  Assimilator  
  82  6:09  Gateway  
  82  6:10  Probe, Warp Prism (Chrono Boost), Assimilator  
  83  6:13  Pylon  
  83  6:14  Psionic Storm, Gateway  
  83  6:17  Probe x2  
  86  6:22  Gateway  
  86  6:24  Pylon  
  86  6:25  Probe  
  87  6:29  Pylon  
  87  6:30  High Templar x2  
  91  6:35  Pylon  
  91  6:37  Zealot  
  91  6:38  Probe  
  91  6:39  Pylon  
  94  6:43  Immortal (Chrono Boost)  
  98  6:54  Probe  
  99  7:03  High Templar x2  
  99  7:04  Zealot x3  
  99  7:05  Probe  
  99  7:06  Shield Battery  
  110  7:11  Pylon  
  110  7:15  Immortal (Chrono Boost)  
  110  7:16  Probe  
  110  7:18  Photon Cannon  
  110  7:19  Zealot  
  110  7:20  Pylon, Zealot x2  
  121  7:24  Pylon  
  121  7:26  Shield Battery, High Templar x2  
  125  7:46  Archon  
  125  7:47  Probe, Immortal (Chrono Boost)  
  128  7:51  High Templar  
  128  7:52  Zealot x4, High Templar  
  128  7:56  Probe  
  141  7:59  Protoss Ground Weapons Level 2 (Chrono Boost)  
  141  8:02  Photon Cannon  
  141  8:06  Nexus, Photon Cannon  
  141  8:08  Pylon  
  141  8:18  Zealot x6  
  151  8:21  Immortal (Chrono Boost)  
  151  8:28  Pylon  
  151  8:29  Probe  
  152  8:35  High Templar  
  152  8:38  Pylon  
  152  8:39  Fleet Beacon  
  154  8:47  Probe  
  151  8:49  Zealot, Robotics Facility  
  151  8:50  Photon Cannon  
  151  8:53  Photon Cannon, High Templar  
  155  8:56  Observer (Chrono Boost)  
  142  9:10  Zealot x5  
  142  9:11  Zealot x2  
  142  9:16  Mothership (Chrono Boost)  
  152  9:27  Immortal (Chrono Boost)  
  164  9:36  Zealot x4  
  166  9:49  Zealot x2  
  166  9:50  Zealot x2  
  136  9:56  Zealot x4  
  116  10:16  Zealot x3  
  120  10:23  Archon  
  120  10:26  High Templar x4  
  120  10:27  High Templar  
  120  10:28  Immortal (Chrono Boost)  
  122  10:32  Protoss Ground Weapons Level 3 (Chrono Boost)  
  122  10:38  Pylon, Immortal (Chrono Boost)  
  122  10:46  Zealot  
  124  10:51  High Templar  
  124  10:52  High Templar  
  124  10:55  Nexus  
  124  10:56  Archon  
  128  10:59  Oracle  
  128  11:00  Zealot  
  128  11:03  Immortal (Chrono Boost)  
  131  11:07  Photon Cannon  
  131  11:10  Zealot x5  
  144  11:13  Photon Cannon  
  119  11:33  Zealot x3, Archon  
  119  11:34  Zealot x5  
  125  11:43  Immortal (Chrono Boost)  
  125  11:45  Immortal (Chrono Boost)  
  112  11:53  High Templar  
  112  11:54  High Templar x2  
  118  12:05  Zealot x4  
  126  12:09  High Templar  
  129  12:17  Nexus  
  129  12:21  Observer (Chrono Boost)  
  133  12:25  High Templar x2  
  133  12:26  Immortal (Chrono Boost)  
  133  12:28  Zealot, Sentry  
  134  12:38  Zealot x3  
  135  12:49  Zealot x2  
  127  12:56  Archon  
  110  13:00  Zealot x4  
  110  13:10  High Templar x2  
  110  13:11  High Templar  
  114  13:13  Probe x3  
  111  13:24  Assimilator, Immortal (Chrono Boost), High Templar  
  116  13:35  Probe (Chrono Boost), High Templar  
  116  13:38  Probe (Chrono Boost)  
  121  13:42  Probe x2 (Chrono Boost)  
  121  13:43  High Templar  
  121  13:45  Zealot  
  126  13:50  Probe x2 (Chrono Boost)  
  126  13:51  Pylon  
  126  13:53  Probe (Chrono Boost)  
  126  14:00  Immortal (Chrono Boost)  
  130  14:05  Immortal (Chrono Boost)  
  130  14:09  Zealot x2  
  136  14:15  Zealot x2  
  134  14:30  Archon  
  127  14:33  Zealot x5  
Show
View Real Time Build Order
Export as new Build Order

soO Zerg - Winner!

Build Orders: Hatch First, Lurkers, Roach Hydra 

Get SALT Encoding   

  12  0:00  Drone  
  13  0:12  Overlord  
  13  0:16  Drone  
  14  0:30  Drone x2  
  14  0:33  Drone  
  17  0:50  Hatchery  
  17  0:54  Drone  
  18  0:57  Drone  
  18  1:07  Extractor  
  17  1:12  Spawning Pool  
  17  1:14  Drone  
  17  1:18  Drone  
  18  1:28  Drone  
  19  1:38  Drone  
  20  1:47  Hatchery  
  20  1:51  Drone  
  20  2:02  Queen  
  20  2:06  Metabolic Boost  
  22  2:10  Drone  
  22  2:13  Drone  
  24  2:16  Drone  
  24  2:19  Drone  
  26  2:24  Overlord  
  26  2:31  Queen  
  28  2:43  Drone x2, Zergling x4  
  32  2:49  Drone  
  33  2:53  Drone  
  33  2:56  Drone  
  35  2:58  Queen  
  35  2:59  Drone  
  38  3:05  Overlord  
  38  3:07  Drone  
  39  3:13  Drone x3  
  39  3:15  Overlord  
  39  3:18  Overlord  
  42  3:25  Drone x3  
  45  3:32  Overlord  
  45  3:33  Drone  
  46  3:34  Spore Crawler  
  46  3:36  Spore Crawler  
  46  3:37  Spore Crawler  
  43  3:42  Queen  
  43  3:45  Drone x2  
  43  3:47  Drone  
  48  3:48  Drone  
  48  3:51  Zergling x2  
  48  3:52  Drone  
  48  3:55  Drone x2  
  53  3:59  Lair  
  53  4:02  Overlord  
  53  4:05  Drone x2  
  55  4:10  Drone x3  
  55  4:13  Drone  
  55  4:16  Drone x3, Extractor x2  
  60  4:26  Drone x3  
  60  4:27  Drone  
  60  4:28  Drone  
  60  4:29  Roach Warren  
  64  4:32  Drone x2  
  64  4:35  Evolution Chamber  
  64  4:37  Overlord  
  65  4:43  Zergling x4  
  67  4:46  Overlord  
  67  4:51  Overlord  
  67  4:53  Overlord  
  67  4:54  Extractor  
  66  5:05  Zerg Missile Weapons Level 1  
  66  5:06  Drone x7  
  72  5:07  Drone  
  72  5:08  Hydralisk Den  
  72  5:10  Extractor  
  72  5:11  Drone  
  68  5:16  Drone  
  68  5:17  Drone  
  69  5:23  Drone x3  
  69  5:26  Drone  
  69  5:31  Glial Reconstitution  
  69  5:33  Drone x3  
  72  5:36  Overseer  
  72  5:39  Muscular Augments  
  72  5:41  Hydralisk x3  
  78  5:45  Overlord  
  78  5:50  Drone x2  
  78  5:53  Drone, Hatchery, Hydralisk  
  78  5:56  Hydralisk x2  
  82  6:02  Overlord  
  82  6:04  Hydralisk x2  
  86  6:06  Overlord  
  86  6:07  Extractor  
  89  6:12  Hydralisk x3  
  89  6:16  Drone  
  89  6:17  Drone  
  89  6:18  Drone x2  
  98  6:19  Drone  
  98  6:25  Hydralisk x3  
  99  6:28  Overlord  
  105  6:34  Hydralisk  
  105  6:36  Overlord  
  107  6:46  Hydralisk x2  
  107  6:47  Hydralisk  
  107  6:50  Grooved Spines  
  107  6:53  Roach x3  
  107  6:54  Roach x3  
  125  6:56  Drone  
  125  6:57  Drone  
  125  6:58  Overlord  
  127  7:03  Roach x2  
  127  7:04  Roach x2  
  127  7:07  Drone x3  
  138  7:11  Roach x2  
  138  7:13  Zerg Missile Weapons Level 2  
  138  7:14  Drone  
  143  7:16  Drone  
  143  7:18  Drone x2  
  146  7:24  Drone  
  146  7:25  Drone x2  
  146  7:26  Lurker Den  
  146  7:27  Extractor  
  147  7:31  Overlord  
  147  7:34  Roach  
  147  7:35  Roach x4  
  157  7:38  Drone x2, Extractor  
  158  7:59  Drone x3  
  161  8:05  Hydralisk x2  
  161  8:06  Hydralisk  
  161  8:07  Spine Crawler, Overlord  
  161  8:08  Overlord  
  161  8:12  Overlord x2  
  166  8:15  Spore Crawler  
  166  8:17  Overlord  
  163  8:24  Overlord  
  163  8:26  Roach x4  
  169  8:28  Roach x7  
  169  8:30  Overseer  
  183  8:35  Roach x4  
  183  8:37  Hydralisk x3  
  191  8:53  Lurker x7  
  191  8:54  Lurker x2  
  200  8:58  Spine Crawler  
  191  9:05  Lurker x2  
  191  9:06  Roach, Lurker x3  
  196  9:16  Roach  
  196  9:17  Roach  
  198  9:29  Zerg Ground Armor Level 1  
  198  9:30  Roach x2  
  199  9:36  Roach  
  199  9:49  Roach  
  199  9:50  Roach x6, Hydralisk  
  199  9:51  Roach x2  
  194  9:54  Roach x2  
  179  10:00  Hydralisk x7  
  179  10:01  Hydralisk  
  179  10:02  Hydralisk x3  
  179  10:06  Hydralisk x4  
  195  10:08  Roach x2  
  199  10:17  Hatchery  
  199  10:18  Hydralisk x2  
  199  10:20  Hydralisk  
  195  10:22  Hydralisk  
  195  10:25  Hydralisk x2  
  195  10:26  Roach x2  
  195  10:27  Roach  
  195  10:28  Roach  
  185  10:31  Hydralisk x2  
  185  10:32  Roach x4  
  192  10:41  Lurker  
  193  10:44  Roach x2, Hydralisk  
  199  11:03  Lurker  
  200  11:13  Overseer  
  200  11:24  Roach, Overseer  
  200  11:25  Roach  
  200  11:29  Hydralisk x2  
  200  11:31  Hydralisk x3  
  200  11:32  Roach, Hydralisk x2  
  162  11:33  Hydralisk x2  
  162  11:34  Overseer  
  162  11:35  Roach x3  
  162  11:36  Roach x3  
  162  11:38  Roach x3  
  162  11:39  Hydralisk x3  
  173  11:40  Roach x3  
  173  11:41  Roach x5  
  173  11:43  Roach  
  161  11:52  Hydralisk  
  161  11:53  Hydralisk x3  
  166  11:56  Overseer x2  
  166  11:59  Pneumatized Carapace  
  166  12:01  Zergling x2  
  166  12:02  Zergling x6  
  170  12:10  Hydralisk x5  
  170  12:15  Hydralisk x2  
  180  12:20  Roach x3  
  190  12:26  Roach  
  190  12:27  Roach x4  
  193  12:42  Roach  
  193  12:44  Roach  
  185  12:45  Hydralisk x2  
  185  12:46  Hydralisk x2  
  185  12:47  Hydralisk  
  185  12:50  Roach  
  185  12:51  Hydralisk x4  
  180  12:52  Roach  
  180  12:54  Roach x2  
  180  12:57  Roach x2  
  162  12:59  Roach  
  162  13:01  Roach x2, Overseer x2  
  162  13:03  Roach x2  
  162  13:04  Roach  
  148  13:08  Roach x2  
  130  13:18  Hydralisk  
  130  13:19  Hydralisk x2  
  136  13:20  Roach x2  
  136  13:24  Lurker  
  136  13:25  Lurker  
  138  13:30  Overseer x2  
  138  13:32  Drone  
  140  13:34  Drone x2  
  140  13:37  Zergling x4, Lurker  
  140  13:38  Zergling x8  
  148  13:42  Lurker  
  148  13:45  Lurker  
  148  13:46  Zergling x10  
  155  13:51  Roach x2  
  155  13:55  Zergling x10  
  160  14:00  Lurker x3  
  167  14:13  Lurker  
  167  14:14  Lurker  

Tags
 
Add a new tag
Caveats
  • Supply blocks, unpowered buildings, or Contaminate may cause inaccurate times.
  • Supply counts are checked every 10 seconds.